Map: Ascension to Aiur LE

Players

PtitDrogo - Winner!

  • Race: Protoss Protoss
  • League: Master
  • Spawn Location: 11:00

Zanster

  • Race: Zerg Zerg
  • League: Master
  • Spawn Location: 5:00

Event: HomeStory Cup XVI

VOD

Have the link to the VOD?

Description

Time

  • Played on: Nov. 9, 2017, 2:30 p.m.
  • Length: 12:13

All games in this series

Show
View Real Time Build Order
Export as new Build Order

PtitDrogo Protoss - Winner!

Build Orders: 1 Gate Expand, Oracle Opening, Archon Immortal, Zealot Archon 

Get SALT Encoding   

  12  0:02  Probe (Chrono Boost)  
  14  0:14  Probe (Chrono Boost)  
  14  0:18  Pylon  
  14  0:26  Probe (Chrono Boost)  
  15  0:31  Assimilator  
  15  0:36  Probe (Chrono Boost)  
  16  0:42  Probe (Chrono Boost)  
  16  0:44  Gateway  
  17  0:52  Probe (Chrono Boost)  
  19  1:05  Probe (Chrono Boost)  
  19  1:20  Nexus  
  19  1:24  Probe (Chrono Boost)  
  20  1:33  Cybernetics Core  
  20  1:37  Probe (Chrono Boost)  
  21  1:41  Assimilator  
  21  1:49  Probe (Chrono Boost)  
  21  1:51  Pylon  
  22  2:00  Probe (Chrono Boost)  
  23  2:06  Probe (Chrono Boost)  
  23  2:12  Adept  
  23  2:13  Stargate  
  26  2:15  Probe (Chrono Boost)  
  26  2:20  Warp Gate  
  27  2:25  Probe (Chrono Boost)  
  27  2:28  Probe (Chrono Boost)  
  28  2:31  Probe (Chrono Boost)  
  28  2:36  Probe (Chrono Boost)  
  30  2:40  Adept  
  30  2:42  Probe (Chrono Boost)  
  34  2:46  Oracle  
  34  2:48  Probe (Chrono Boost)  
  35  2:54  Probe (Chrono Boost)  
  39  3:00  Probe (Chrono Boost)  
  41  3:06  Probe (Chrono Boost)  
  41  3:11  Adept  
  44  3:13  Probe (Chrono Boost), Pylon  
  44  3:18  Probe (Chrono Boost)  
  44  3:19  Pylon  
  45  3:23  Gateway  
  45  3:26  Probe (Chrono Boost)  
  46  3:31  Oracle  
  46  3:33  Probe (Chrono Boost)  
  50  3:38  Probe (Chrono Boost)  
  51  3:45  Probe (Chrono Boost)  
  53  3:50  Probe (Chrono Boost)  
  53  3:53  Nexus  
  53  3:55  Pylon  
  53  4:00  Probe (Chrono Boost)  
  54  4:06  Probe (Chrono Boost)  
  54  4:08  Probe (Chrono Boost)  
  54  4:09  Assimilator, Pylon  
  55  4:10  Assimilator  
  55  4:13  Phoenix  
  55  4:16  Probe (Chrono Boost)  
  59  4:20  Probe (Chrono Boost)  
  60  4:25  Shield Battery  
  60  4:28  Probe (Chrono Boost), Sentry  
  60  4:29  Sentry, Pylon  
  66  4:31  Probe (Chrono Boost)  
  66  4:35  Probe (Chrono Boost)  
  66  4:37  Probe (Chrono Boost)  
  67  4:42  Probe (Chrono Boost)  
  69  4:46  Probe (Chrono Boost)  
  71  4:54  Probe (Chrono Boost)  
  71  4:58  Probe (Chrono Boost)  
  72  5:05  Twilight Council  
  72  5:06  Forge, Probe (Chrono Boost), Robotics Facility  
  73  5:08  Robotics Facility  
  73  5:10  Probe (Chrono Boost)  
  73  5:11  Probe (Chrono Boost)  
  73  5:13  Sentry  
  77  5:18  Probe (Chrono Boost)  
  77  5:20  Probe (Chrono Boost)  
  79  5:23  Assimilator x2, Probe (Chrono Boost)  
  79  5:24  Probe (Chrono Boost)  
  79  5:26  Probe (Chrono Boost)  
  81  5:32  Gateway, Charge, Probe (Chrono Boost), Protoss Ground Weapons Level 1  
  81  5:34  Gateway x2  
  81  5:35  Probe (Chrono Boost)  
  84  5:36  Probe (Chrono Boost)  
  84  5:38  Gateway  
  85  5:46  Probe (Chrono Boost)  
  85  5:47  Probe (Chrono Boost)  
  87  5:57  Warp Prism, Templar Archives  
  87  5:58  Observer  
  90  6:05  Pylon  
  90  6:08  Pylon  
  90  6:18  Immortal  
  90  6:22  Gateway  
  90  6:24  Immortal  
  94  6:30  Pylon  
  94  6:33  Pylon  
  94  6:37  Zealot x3  
  104  6:43  Pylon  
  104  6:52  Immortal  
  104  6:57  High Templar x2  
  104  6:58  High Templar x2, Zealot x2  
  120  7:01  Pylon  
  120  7:03  Immortal, Pylon x2  
  120  7:04  Archon x2  
  120  7:05  Photon Cannon  
  120  7:06  Pylon  
  120  7:08  Photon Cannon  
  124  7:14  Shield Battery  
  124  7:15  Pylon  
  124  7:18  Protoss Ground Weapons Level 2  
  124  7:27  Gateway  
  124  7:33  Immortal  
  128  7:38  Zealot x4, Phoenix  
  128  7:39  Zealot x3  
  128  7:42  Immortal  
  146  7:52  Photon Cannon, Stargate  
  146  7:54  Pylon  
  146  7:55  Photon Cannon, Phoenix, Probe (Chrono Boost)  
  129  8:01  Protoss Air Weapons Level 1  
  131  8:10  Fleet Beacon  
  131  8:15  Photon Cannon  
  131  8:17  Shield Battery  
  131  8:19  High Templar x2, Pylon  
  135  8:24  Archon  
  135  8:41  Phoenix x2  
  133  8:43  Zealot x4  
  133  8:47  Phoenix  
  133  8:48  Phoenix  
  145  8:51  Nexus, Pylon  
  145  8:57  Photon Cannon  
  153  9:11  Photon Cannon, Mothership (Chrono Boost)  
  153  9:12  Phoenix  
  153  9:14  Photon Cannon  
  153  9:16  Shield Battery  
  153  9:17  Phoenix  
  153  9:20  Pylon  
  153  9:30  High Templar x2  
  153  9:31  Zealot x3  
  159  9:35  Archon  
  163  9:42  Phoenix x2  
  163  9:45  Zealot x3  
  169  9:55  Zealot x3  
  165  10:08  High Templar x2  
  165  10:09  Zealot x3  
  165  10:11  Phoenix x2  
  165  10:13  Archon  
  175  10:26  Probe x2 (Chrono Boost)  
  175  10:33  Zealot x6  
  187  10:36  Phoenix  
  189  10:44  Assimilator  
  189  10:48  Assimilator  
  189  10:51  High Templar x2  
  189  10:56  Archon  
  189  10:57  High Templar x2, Zealot  
  197  11:19  Zealot  
  197  11:20  Zealot x2  
  177  11:33  Archon  
  177  11:41  Zealot x7  
  177  11:42  Zealot  
  197  12:05  Zealot x4  
Show
View Real Time Build Order
Export as new Build Order

Zanster Zerg 

Build Orders: Hatch First, Muta Ling Bane 

Get SALT Encoding   

  12  0:00  Drone  
  13  0:13  Overlord  
  13  0:17  Drone  
  14  0:31  Drone x2  
  16  0:35  Drone  
  17  0:51  Hatchery  
  17  0:54  Drone  
  17  0:58  Drone  
  18  1:08  Extractor  
  17  1:13  Spawning Pool  
  17  1:17  Drone  
  17  1:19  Drone  
  18  1:29  Drone  
  19  1:39  Drone  
  20  1:50  Overlord  
  20  2:00  Queen  
  22  2:03  Queen  
  22  2:04  Zergling x4  
  26  2:09  Metabolic Boost  
  26  2:12  Drone  
  26  2:14  Drone  
  28  2:23  Drone  
  29  2:33  Drone, Hatchery  
  29  2:37  Drone  
  29  2:39  Zergling x2  
  31  2:50  Overlord  
  31  2:51  Overlord  
  31  2:55  Drone  
  32  2:59  Drone  
  32  3:05  Drone  
  33  3:09  Drone  
  33  3:11  Drone x2  
  36  3:14  Queen, Drone  
  36  3:16  Drone x2  
  41  3:24  Drone x2  
  41  3:26  Drone  
  44  3:27  Spore Crawler  
  44  3:29  Drone  
  44  3:30  Spore Crawler  
  43  3:36  Drone  
  43  3:40  Drone  
  45  3:41  Drone  
  45  3:42  Queen  
  45  3:47  Drone x3  
  45  3:48  Drone  
  52  3:50  Drone  
  52  3:54  Overlord  
  53  4:00  Drone  
  54  4:03  Drone  
  54  4:04  Drone x2  
  54  4:09  Overlord  
  56  4:12  Overlord  
  56  4:14  Drone  
  56  4:15  Drone x2  
  59  4:18  Baneling Nest  
  59  4:20  Baneling Nest  
  59  4:23  Spore Crawler  
  57  4:28  Drone x5  
  57  4:30  Zergling x4  
  64  4:36  Lair  
  64  4:37  Extractor x2  
  64  4:38  Overlord  
  62  4:42  Drone x2  
  64  4:50  Drone  
  64  4:51  Drone x2  
  68  4:52  Drone  
  68  4:53  Drone x2  
  68  4:55  Queen, Overlord  
  68  4:58  Drone x3  
  68  4:59  Drone  
  74  5:04  Evolution Chamber  
  74  5:06  Drone  
  74  5:07  Drone x3  
  77  5:08  Extractor  
  77  5:12  Overlord  
  76  5:15  Drone, Roach Warren  
  76  5:17  Drone  
  77  5:23  Drone x6  
  77  5:26  Drone  
  77  5:27  Extractor  
  82  5:30  Overlord  
  82  5:38  Drone x2  
  82  5:39  Extractor, Spire, Drone x4  
  86  5:43  Zerg Melee Weapons Level 1  
  86  5:49  Hatchery  
  85  5:53  Overlord x2  
  85  5:55  Glial Reconstitution  
  85  5:59  Drone  
  85  6:00  Roach  
  85  6:01  Roach x2  
  92  6:06  Roach x3  
  92  6:10  Overlord x2  
  98  6:12  Overlord  
  98  6:17  Overlord  
  98  6:24  Zergling x16  
  106  6:30  Zergling x6  
  109  6:35  Overlord  
  109  6:37  Zergling x4  
  109  6:38  Zergling x4  
  113  6:41  Overlord  
  113  6:58  Mutalisk x7  
  113  7:00  Extractor  
  126  7:03  Extractor  
  126  7:06  Mutalisk x2  
  126  7:08  Overlord  
  129  7:14  Zerg Flyer Weapons Level 1, Hatchery  
  127  7:16  Zergling x18  
  127  7:17  Zergling x2  
  137  7:31  Drone x4  
  137  7:32  Mutalisk x3  
  137  7:34  Zergling x2  
  137  7:35  Zergling x6  
  137  7:36  Spore Crawler  
  150  7:42  Drone x2  
  142  7:54  Drone x4  
  142  7:58  Mutalisk x5  
  142  8:00  Overlord  
  150  8:07  Zerg Melee Weapons Level 2  
  150  8:09  Zergling x12  
  156  8:13  Overlord  
  156  8:24  Queen  
  156  8:25  Drone x4  
  156  8:26  Infestation Pit  
  161  8:30  Drone  
  161  8:31  Drone  
  163  8:37  Roach x2, Zergling x2  
  163  8:38  Zergling x16  
  163  8:39  Centrifical Hooks  
  163  8:40  Extractor  
  175  8:44  Extractor  
  175  8:47  Drone x3  
  177  8:54  Overlord  
  176  8:56  Roach x4  
  184  9:09  Overlord  
  184  9:13  Zergling x14  
  184  9:14  Hydralisk Den, Zergling x10  
  194  9:20  Overlord  
  193  9:24  Hive  
  182  9:48  Hydralisk  
  182  9:49  Hydralisk x7  
  195  9:55  Baneling x7  
  195  9:56  Muscular Augments, Baneling x12  
  183  10:07  Hydralisk x3  
  183  10:08  Hydralisk x2  
  183  10:13  Ravager x6  
  188  10:18  Hydralisk, Hatchery  
  188  10:19  Zergling x2  
  188  10:20  Overlord x2  
  188  10:21  Overlord  
  183  10:26  Overlord  
  183  10:28  Spore Crawler  
  168  10:33  Hydralisk x3  
  168  10:34  Hydralisk x3  
  172  10:38  Hydralisk x2  
  172  10:39  Hydralisk  
  178  10:43  Drone  
  178  10:44  Drone x3  
  182  10:53  Greater Spire  
  182  10:54  Drone  
  183  10:57  Zergling x8  
  183  10:58  Zergling x18  
  196  11:07  Zergling x2  
  196  11:08  Zergling x8  
  200  11:14  Evolution Chamber  
  197  11:18  Zergling x8  
  197  11:20  Baneling x5  
  182  11:34  Overseer x5  
  182  11:38  Hydralisk x5, Zergling x6  
  182  11:39  Hydralisk x2, Zergling x8  
  180  11:44  Hydralisk  
  180  11:45  Zergling x6  
  176  11:52  Zergling x4  
  180  11:56  Baneling x4  
Tags
 
Add a new tag
Caveats
  • Supply blocks, unpowered buildings, or Contaminate may cause inaccurate times.
  • Supply counts are checked every 10 seconds.